 Dungeon Crawl Stone Soup version 0.27.0-1-g7a089689b8 (webtiles) character file.

Game seed: 5798669309391811823

70 Spaninq the Ruffian (level 4, 0/26 HPs)
             Began as a Gargoyle Transmuter on July 31, 2021.
             Killed from afar by Ijyb (7 damage)
             ... with a puff of flame
             ... on level 3 of the Dungeon.
             The game lasted 00:03:30 (2151 turns).

Spaninq the Ruffian (Gargoyle Transmuter)           Turns: 2151, Time: 00:03:31

Health: 0/26       AC:  9    Str: 15    XL:     4   Next: 22%
Magic:  7/7        EV:  9    Int: 13    God:
Gold:   62         SH:  0    Dex: 10    Spells: 6/7 levels left

rFire    . . .     SeeInvis .   d - +2 dagger (venom)
rCold    . . .     Faith    .   (no shield)
rNeg     + . .     Spirit   .   e - +0 scale mail
rPois    ∞         Reflect  .   (no helmet)
rElec    +         Harm     .   (no cloak)
rCorr    .         Rampage  .   (no gloves)
Will     .....                  (no boots)
Stlth    ..........             (no amulet)
HPRegen  0.08/turn              (no ring)
MPRegen  0.10/turn              (no ring)

@: very slightly contaminated, invisible
A: sickness immunity, AC +3, negative energy resistance 1, electricity
resistance, torment resistance 1, petrification resistance
a: no special abilities


You were on level 3 of the Dungeon.
You visited 1 branch of the dungeon, and saw 3 of its levels.

You collected 62 gold pieces.

Inventory:

Hand Weapons
 d - a +2 dagger of venom (weapon)
Armour
 e - a +0 scale mail (worn)
Scrolls
 a - 2 scrolls of immolation {unknown}
 c - a scroll of magic mapping {unknown}
 f - a scroll of enchant armour {unknown}
 g - a scroll of brand weapon {unknown}
 h - a scroll of identify {unknown}
 i - a scroll of teleportation {unknown}


   Skills:
 + Level 2.1 Fighting
 + Level 1.4 Armour
 + Level 2.1 Dodging
 * Level 3.9 Unarmed Combat
 - Level 2.0 Spellcasting
 - Level 1.5 Transmutations


You had 6 spell levels left.
You knew the following spells:

 Your Spells              Type           Power      Damage    Failure   Level
a - Beastly Appendage     Tmut           10%        N/A       47%         1

Your spell library contained the following spells:

 Spells                   Type           Power      Damage    Failure   Level
 Wereblood                Tmut           5%         N/A       63%         2
 Spider Form              Tmut/Pois      1%         N/A       91%         3
 Ice Form                 Ice/Tmut       3%         N/A       100%        4


Dungeon Overview and Level Annotations

Branches:
Dungeon (3/15)

Altars:

Annotations:
D:3 Ijyb


Innate Abilities, Weirdness & Mutations

You are immune to sickness and miasma.
Your stone body is resilient. (AC +3)
You are immune to poison.
You resist negative energy. (rN+)
You are resistant to electric shocks. (rElec)
You are resistant to unholy torment.
You are immune to petrification.


Message History

Things that are here:
a +0 club; a goblin corpse You hit the worm.
The worm is poisoned.
The worm is lightly wounded.
The worm bites you but does no damage.
You hit the worm.
The worm is lightly wounded.
You hit the worm.
The worm looks even sicker.
The worm is lightly wounded.
The worm bites you.
You hit the worm.
The worm looks as sick as possible!
The worm is moderately wounded.
You hit the worm.
The worm looks as sick as possible!
The worm is heavily wounded.
The worm bites you!
You hit the worm.
The worm looks as sick as possible!
The worm is almost dead.
You kill the worm!
You start resting.
Ijyb is nearby!
Ijyb shouts!
Ijyb zaps a wand.
The puff of flame hits you!
You see here a worm corpse.
You closely miss Ijyb. Ijyb hits you but does no damage.
You completely miss Ijyb.
Ijyb zaps a wand.
The puff of flame hits you!
You hit Ijyb.
Ijyb is lightly wounded.
Ijyb screams, "I no like you!"
Ijyb zaps a wand.
The puff of flame hits you.
* * * LOW HITPOINT WARNING * * *
It was a potion of invisibility.
You fade into invisibility!
Ijyb zaps a wand.
The puff of flame misses you.
You are very lightly contaminated with residual magic.
It was a potion of magic.
Magic courses through your body. Ijyb hits you but does no damage.
You hit Ijyb but do no damage.
Ijyb is poisoned.
Ijyb is lightly wounded.
Ijyb zaps a wand.
The puff of flame hits you!
You die...

#. ..###.#....#.
#.##............
#...>. .........
#....###.......
#.#..........##
#......#.#....
###.##.#...#.###
#######.##)#........
#<.......#.@g.##.###
##########....#
#....# .....#
......# .......#
#.......# #....####


You could see Ijyb (very poisoned).

Vanquished Creatures
  3 adders
  A worm (D:3)
  A dart slug (D:1)
  5 ball pythons (D:2)
  2 bats (D:1)
  6 endoplasms
  3 giant cockroaches
  3 goblins
  3 hobgoblins
  A quokka (D:2)
  3 frilled lizards
  4 kobolds
  2 rats
37 creatures vanquished.

Notes
Turn   | Place    | Note
-------+----------+-------------------------------------------
     0 | D:1      | Spaninq the Gargoyle Transmuter began the quest for the
                  | Orb.
     0 | D:1      | Reached XP level 1. HP: 12/12 MP: 3/3
   434 | D:1      | Reached XP level 2. HP: 5/16 MP: 5/5
  1204 | D:2      | Reached XP level 3. HP: 21/21 MP: 6/6
  1417 | D:2      | Reached skill level 1 in Armour
  2024 | D:3      | Reached XP level 4. HP: 26/26 MP: 7/7
  2030 | D:3      | Noticed Ijyb
  2151 | D:3      | Killed from afar by Ijyb

Illustrated notes

Levels and vault maps discovered:
D:1:      wander_arrival_desolate, layout_basic, serial_corexii_hall,
          corexii_hall_statues_u, corexii_hall_statues_deadend,
          serial_park_tiny_pond
D:2:      layout_loops_ring
D:3:      layout_basic, minmay_misc_feat_encased,
          chequers_hall_statues_corner_a, uniq_ijyb

Skill      XL: |  1  2  3 |
---------------+----------+-----
Armour         | 1 |  1.4
Dodging        | 2 |  2.1
Fighting       | 2 |  2.1
Unarmed Combat | |  3.9
Spellcasting   | |  2.0
Transmutations | |  1.5

Action                   |  1- 3 |  4- 6 || total
-------------------------+-------+-------++-------
Melee: Unarmed           |    38 |       ||    38
       Dagger            |    79 |    14 ||    93
  Use: Potion            |       |     2 ||     2
Armor: Robe              |    15 |       ||    15
       Scale mail        |    39 |     4 ||    43
Dodge: Dodged            |    56 |     4 ||    60
